 Dungeon Crawl Stone Soup version 0.21.0-37-g46506fa (webtiles) character file.

168 Hubbles the Insei (level 5, 0/38 HPs)
             Began as a Demonspawn Transmuter on Feb 1, 2018.
             Was an Initiate of Qazlal.
             Slain by Menkaure (14 damage)
             ... on level 4 of the Dungeon.
             The game lasted 00:06:31 (3299 turns).

Hubbles the Insei (Demonspawn Transmuter)           Turns: 3299, Time: 00:06:32

Health: 0/38       AC:  3    Str: 16    XL:     5   Next: 23%
Magic:  9/9        EV: 12    Int: 15    God:    Qazlal [......]
Gold:   111        SH:  0    Dex: 17    Spells: 1/9 levels left

rFire    . . .     SeeInvis .   a - +1 dagger (venom)
rCold    . . .     Gourm    .   (no shield)
rNeg     . . .     Faith    .   b - +1 robe
rPois    .         Spirit   .   (no helmet)
rElec    .         Reflect  .   (no cloak)
rCorr    .         Harm     .   (no gloves)
MR       .....                  (no boots)
Stlth    ++........             i - amulet of rage
HPRegen  0.12/turn              n - ring of wizardry
MPRegen  0.11/turn              r - +2 ring of dexterity

@: mighty
A: thin skeletal structure 1, foul stench 1, rot immunity
a: Renounce Religion, Evoke Berserk Rage


You were on level 4 of the Dungeon.
You worshipped Qazlal.
Qazlal was noncommittal.
You were not hungry.

You visited 1 branch of the dungeon, and saw 4 of its levels.

You collected 111 gold pieces.

Inventory:

Hand Weapons
 a - a +1 dagger of venom (weapon)
Missiles
 j - 70 arrows
 o - 12 poisoned needles
Armour
 b - a +1 robe (worn)
 t - a +0 leather armour
Jewellery
 g - an uncursed ring of protection from magic
 i - an amulet of rage (around neck)
 n - a ring of wizardry (left hand)
 r - a +2 ring of dexterity (right hand)
Wands
 q - a wand of paralysis (15)
Scrolls
 k - 2 scrolls of remove curse
 p - a scroll of blinking
 v - a scroll of amnesia
 w - a scroll of teleportation
Potions
 e - a potion of heal wounds
 f - 2 potions of magic
 l - 2 potions of haste {unknown}
 m - 4 potions of curing
 s - 2 potions of degeneration {unknown}
 x - a potion of brilliance {unknown}
Books
 c - a book of Changes

   Spells                             Type                      Level
   a - Beastly Appendage              Transmutation                1
   b - Sticks to Snakes               Transmutation                2
   c - Spider Form                    Transmutation/Poison         3
   d - Ice Form                       Ice/Transmutation            4
   e - Blade Hands                    Transmutation                5
Comestibles
 d - 3 rations


   Skills:
 * Level 1.7 Fighting
 * Level 1.6 Armour
 - Level 1.7 Dodging
 + Level 3.6 Unarmed Combat
 + Level 2.7 Spellcasting
 * Level 3.0 Transmutations


You had one spell level left.
You knew the following spells:

 Your Spells              Type           Power        Failure   Level  Hunger
a - Beastly Appendage     Tmut           ##....       2%          1    #......
b - Sticks to Snakes      Tmut           ##......     3%          2    ##.....
c - Blade Hands           Tmut           ##........   52%         5    ######.


Dungeon Overview and Level Annotations

Branches:
Dungeon (4/15)
 Temple: D:4-7

Altars:
Elyvilon
Qazlal
The Shining One

Annotations:
D:4 Menkaure


Innate Abilities, Weirdness & Mutations

You have a somewhat thin skeletal structure. (Dex +2, Stealth)
You may emit foul miasma when damaged in melee.
You are immune to rotting.


Message History

You start resting.
HP restored.
Okay, then.
You eat one of the 4 rations.
That ration really hit the spot!
You feel very mighty all of a sudden.
You climb downwards.
Level annotation: Menkaure
There is a stone staircase leading up here.
The howler monkey hoots and howls with incredible vigour!
Menkaure hits you!!
Ouch! That really hurt!
You hit Menkaure.
Menkaure is lightly damaged.
Menkaure mumbles some strange words.
Menkaure seems to speed up.
You barely miss Menkaure.
Menkaure is lightly damaged.
The howler monkey hoots and howls with incredible vigour!
Menkaure hits you!
You die...

###############
#....##.....#..
#..............
#####..<.......
#..........
#..........
###########..@.......
#....).......M.......
#....................
#..........#.h.......
#..........##.....#..
#.............#######
#..........##.######
#..........##...SMh#
#..........#######..#


You could see Menkaure and a howler monkey.

Vanquished Creatures
  Natasha (thrice) (D:2)
  2 adders
  An ooze (D:3)
  A dart slug (D:1)
  2 leopard geckos
  An orc (D:3)
  4 giant cockroaches
  9 goblins
  4 hobgoblins
  12 jackals
  A quokka (D:2)
  A ball python (D:2)
  7 bats
  3 frilled lizards
  9 kobolds
  4 rats
64 creatures vanquished.

Notes
Turn   | Place    | Note
-------+----------+-------------------------------------------
     0 | D:1      | Hubbles the Demonspawn Transmuter began the quest for the Orb.
     0 | D:1      | Reached XP level 1. HP: 15/15 MP: 3/3
    68 | D:1      | Gained mutation: You have a somewhat thin skeletal structure. (Dex +2, Stealth) [demonic ancestry]
    68 | D:1      | Reached XP level 2. HP: 3/21 MP: 3/5
   747 | D:1      | Learned a level 2 spell: Sticks to Snakes
   896 | D:1      | Gained mutation: You are immune to rotting. [demonic ancestry]
   896 | D:1      | Reached XP level 3. HP: 26/26 MP: 6/6
  1334 | D:2      | Noticed Natasha
  1341 | D:2      | Killed Natasha
  1341 | D:2      | Reached skill level 1 in Armour
  1518 | D:2      | Reached XP level 4. HP: 14/32 MP: 7/7
  2067 | D:2      | Noticed Natasha
  2075 | D:2      | Killed Natasha
  2315 | D:2      | Noticed Natasha
  2323 | D:2      | Killed Natasha
  2323 | D:2      | Gained mutation: You may emit foul miasma when damaged in melee. [demonic ancestry]
  2323 | D:2      | Reached XP level 5. HP: 25/37 MP: 6/9
  2451 | D:2      | Found a stormy altar of Qazlal.
  2459 | D:2      | Became a worshipper of Qazlal Stormbringer
  2750 | D:3      | Learned a level 5 spell: Blade Hands
  3022 | D:3      | Found a glowing golden altar of the Shining One.
  3022 | D:3      | Found a white marble altar of Elyvilon.
  3138 | D:4      | Noticed Menkaure
  3299 | D:4      | Slain by Menkaure

Skill      XL: |  1  2  3  4  5 |
---------------+----------------+-----
Transmutations | 2 3 |  3.0
Unarmed Combat | 3 |  3.6
Armour         | 1 |  1.6
Fighting       | |  1.7
Dodging        | |  1.7
Spellcasting   | |  2.7

Action                   |  1- 3 |  4- 6 || total
-------------------------+-------+-------++-------
Melee: Unarmed           |    85 |       ||    85
       Kick              |     6 |     1 ||     7
       Headbutt          |     3 |     1 ||     4
       Punch             |     1 |       ||     1
       Dagger            |    49 |    88 ||   137
 Cast: Beastly Appendage |    13 |     3 ||    16
       Sticks to Snakes  |       |     3 ||     3
  Use: Scroll            |    10 |     4 ||    14
       Potion            |       |     1 ||     1
 Stab: Sleeping          |     3 |     2 ||     5
  Eat: Chunk             |     1 |     3 ||     4
       Ration            |     1 |     1 ||     2
Armor: Robe              |    43 |    20 ||    63
Dodge: Dodged            |    88 |    50 ||   138
